 Dungeon Sprint DCSS version 0.31-a0-408-gb642c7f9a3 (webtiles) character file.

Game seed: 3983133053703649723

7782 rocky1 the Black Belt (level 11, 0/85 HPs)
             Began as an Octopode Shapeshifter on July 30, 2023.
             Was an Initiate of Gozag.
             Slain by a sun demon (13 damage)
             ... in the Dungeon (Sprint VII: "The Pits").
             The game lasted 00:07:28 (3238 turns).

rocky1 the Black Belt (Octopode Shapeshifter)       Turns: 3238, Time: 00:07:28

Health: 0/85       AC:  1    Str: 20    XL:     11   Next: 20%
Magic:  11/11      EV: 19    Int: 14    God:    Gozag
Gold:   2695       SH:  0    Dex: 14    Spells: 10/10 levels left

rFire   . .          .
                       - Unarmed
rCold   . . .        (no shield)
rNeg    . . .        (helmet currently unavailable)
rPois   .            (no amulet)
rElec   .            n - +3 ring of strength
rCorr   .            m - +3 ring of strength
SInv    .            (no ring)
Will    .....        (no ring)
Stlth   +++++        (no ring)
HPRegen 0.34/turn    (no ring)
MPRegen 0.12/turn    (no ring)
                     (no ring)

%: no teleportation
@: beast-form, gold aura
A: beast (slay +7), almost no armour, amphibious, 8 rings, camouflage 1,
gelatinous body 1, (nimble swimmer 1), tentacles
a: Begin Untransformation, Renounce Religion, Potion Petition, Call Merchant,
Bribe Branch


You were in the Dungeon.
You worshipped Gozag.
Gozag was most pleased with you.
You were a hulking beast.
You visited 1 branch You collected 3690 gold pieces.
You spent 486 gold pieces at shops.
You paid 509 gold pieces to Gozag.

Inventory:

Missiles
 l - 5 poisoned darts (quivered)
Jewellery
 m - a +3 ring of strength (right tentacle)
 n - a +3 ring of strength (left tentacle)
Talismans
 b - a beast talisman
Wands
 p - a wand of digging (7)
Scrolls
 j - 5 scrolls of amnesia
 k - a scroll of butterflies
Potions
 a - a potion of lignification
 c - 8 potions of curing
 d - 5 potions of heal wounds
 e - a potion of haste
 f - 4 potions of magic
 g - a potion of berserk rage
 i - 2 potions of invisibility
 o - 2 potions of might


   Skills:
 + Level 12.0 Fighting
 + Level 12.2 Dodging
 + Level 9.4 Stealth
 * Level 16.9 Unarmed Combat
 - Level 10.0 Shapeshifting


You had 10 spell levels left.
You didn't know any spells.
Your spell library was empty.

Dungeon Overview and Level Annotations

Branches:
Dungeon (1/1)

Altars:
Ashenzari
Cheibriados
Dithmenos
Elyvilon
Fedhas
Gozag
Hepliaklqana
Kikubaaqudgha
Makhleb
Nemelex Xobeh
Okawaru
Qazlal
Ru
Sif Muna
Trog
Uskayaw
Vehumet
Wu Jian
Xom
Yredelemnul
Zin
The Shining One
Jiyva
Lugonu

Shops:
D *


Innate Abilities, Weirdness & Mutations

You are a hulking beast.
Your limbs bulge with bestial killing power. (Slay +7)
You cannot wear most types of armour.
You are amphibious.
You can wear up to eight rings at the same time.
Your skin changes colour to match your surroundings (Stealth+).
Your rubbery body absorbs attacks. (AC +1, EV +1)
((You are camouflaged when in or above water. (Stealth+)))
You have tentacles for arms and can constrict up to eight enemies at once.


Message History

You kill the hound!
Unknown command.
The wolf is no longer distracted by gold.
The wight is distracted by your dazzling golden aura.
The wolf is distracted by your dazzling golden aura.
The wolf is no longer distracted by gold.
You closely miss the wight. You grab the wight. You constrict the wight.
The ynoxinul is no longer distracted by gold.
The wight is no longer distracted by gold.
The swamp dragon is no longer distracted by gold.
The wight closely misses you.
The ynoxinul gestures.
You batter the wight!!
You destroy the wight!
The wolf is distracted by your dazzling golden aura.
The ynoxinul gestures.
You closely miss the wight.
The wolf howls!
You grab the wight.
Your tentacle-slap misses the wight.
You constrict the wight, but do no damage.
The ynoxinul gestures.
The wight escapes!
You batter the wight!!
You destroy the wight!
The ufetubus shouts!
You hear a chilling moan.
The wolf is no longer distracted by gold.
The ynoxinul gestures.
The wight misses you. The sun demon hits you!!
You are engulfed in flames!
There is an open door, spattered with blood here.
Items here: $ )) [[.
Unknown command.
The swamp dragon attacks as you move away!
The swamp dragon bites you! The swamp dragon claws you!
* * * LOW HITPOINT WARNING * * *
The swamp dragon closely misses you. The sun demon attacks as you move away!
The sun demon hits you!
* * * LOW HITPOINT WARNING * * *
You are engulfed in flames!
You die...
Your body crumbles into a pile of gold.

## # ########### #
#.........# $ $ . $ #
##)......# $$$ .# #
####...######## ##...
###..+...'..##..##.....
##....##)##.....##5.....
#....##...##....#355.5..
'....')....'...$hDzJ5...
#....##...##....#z.3....
##....##'##.....##hr55..
###..'...+..##..##555..
####...######## ##... #
##.......## .# #
#.........# . #
###########


You could see a swamp dragon, a sun demon, a ynoxinul, a wolf, 2 wights, 10
ufetubi, an endoplasm and a quokka.

Vanquished Creatures
  An ophan (D)
  A hydra (D)
  A two-headed ogre (D)
  A deep troll (D)
  A bog body (D)
  2 gargoyles (D)
  2 black mambas (D)
  A guardian mummy (D)
  A troll (D)
  A hellwing (D)
  A tarantella (D)
  A hornet (shapeshifter) (D)
  A snapping turtle (D)
  A jumping spider (D)
  Sigmund (D)
  A spriggan (D)
  A wyvern (D)
  A wraith (D)
  A redback (D)
  An acid dragon (D)
  2 floating eyes (D)
  A small abomination (D)
  A sky beast (D)
  A swamp drake (D)
  4 wolves (D)
  A kobold brigand (D)
  2 scorpions (D)
  A necrophage (D)
  4 wights (D)
  A hound (D)
  A jelly (D)
  Jessica (D)
  An iguana (D)
  A river rat (D)
  A white imp (D)
  A worm (D)
  2 orcs (D)
  An endoplasm (D)
  3 giant cockroaches (D)
  3 goblins (D)
  2 jackals (D)
  A kobold (D)
  A quokka (D)
  A rat (D)
60 creatures vanquished.

Notes
Turn   | Place    | Note
-------+----------+-------------------------------------------
     0 | D        | rocky1 the Octopode Shapeshifter began the quest for the
                  | Orb.
     0 | D        | Reached XP level 1. HP: 13/13 MP: 1/1
    12 | D        | Noticed a floating eye
    17 | D        | Killed a floating eye
    18 | D        | Reached skill level 6 in Unarmed Combat
    18 | D        | Reached XP level 2. HP: 22/22 MP: 2/2
    18 | D        | Reached XP level 3. HP: 27/27 MP: 3/3
    18 | D        | Reached XP level 4. HP: 33/33 MP: 4/4
    43 | D        | Found a bloodstained altar of Trog.
    43 | D        | Found a shimmering blue altar of Sif Muna.
    43 | D        | Found a viscous altar of Jiyva.
    43 | D        | Found a hazy altar of Hepliaklqana.
    43 | D        | Found an opulent altar of Gozag.
    44 | D        | Found a glowing golden altar of the Shining One.
    44 | D        | Found a glowing silver altar of Zin.
    44 | D        | Found a basalt altar of Yredelemnul.
    44 | D        | Found a shimmering altar of Xom.
    44 | D        | Found an ornate altar of the Wu Jian Council.
    44 | D        | Found a sacrificial altar of Ru.
    44 | D        | Found a stormy altar of Qazlal.
    44 | D        | Found an iron altar of Okawaru.
    44 | D        | Found a sparkling altar of Nemelex Xobeh.
    44 | D        | Found a burning altar of Makhleb.
    44 | D        | Found a blossoming altar of Fedhas.
    44 | D        | Found a white marble altar of Elyvilon.
    44 | D        | Found a shadowy altar of Dithmenos.
    44 | D        | Found a snail-covered altar of Cheibriados.
    47 | D        | Found a corrupted altar of Lugonu.
    47 | D        | Found a radiant altar of Vehumet.
    48 | D        | Found an ancient bone altar of Kikubaaqudgha.
    48 | D        | Found a hide-covered altar of Uskayaw.
    48 | D        | Found a broken altar of Ashenzari.
    51 | D        | Became a worshipper of Gozag Ym Sagoz the Greedy
   203 | D        | Noticed Sigmund
   217 | D        | Killed Sigmund
   218 | D        | Reached skill level 5 in Fighting
   218 | D        | Reached skill level 5 in Dodging
   218 | D        | Reached skill level 8 in Unarmed Combat
   218 | D        | Reached skill level 5 in Shapeshifting
   218 | D        | Reached XP level 5. HP: 34/39 MP: 5/5
   218 | D        | Reached XP level 6. HP: 40/45 MP: 6/6
   265 | D        | Noticed a floating eye
   268 | D        | Paralysed by a floating eye for 4 turns
   275 | D        | Killed a floating eye
   276 | D        | Reached skill level 9 in Unarmed Combat
   280 | D        | Reached XP level 7. HP: 10/53 MP: 7/7
   546 | D        | Reached skill level 10 in Unarmed Combat
   758 | D        | Reached skill level 11 in Unarmed Combat
   760 | D        | Reached XP level 8. HP: 46/61 MP: 8/8
   927 | D        | Noticed a black mamba
   927 | D        | Noticed a hornet
  1042 | D        | Killed a black mamba
  1132 | D        | Killed a hornet
  1133 | D        | Reached skill level 12 in Unarmed Combat
  1291 | D        | Bought a potion of invisibility for 104 gold pieces
  1291 | D        | Bought a wand of digging (7) for 382 gold pieces
  1308 | D        | Noticed a gargoyle
  1319 | D        | Reached XP level 9. HP: 67/67 MP: 9/9
  1324 | D        | Killed a gargoyle
  1325 | D        | Reached skill level 13 in Unarmed Combat
  1529 | D        | Noticed a tarantella
  1529 | D        | Noticed a bog body
  1543 | D        | Killed a tarantella
  1543 | D        | HP: 4/103 [bog body (20)]
  1544 | D        | Killed a bog body
  1545 | D        | Reached skill level 10 in Fighting
  1545 | D        | Reached skill level 10 in Dodging
  1545 | D        | Reached skill level 14 in Unarmed Combat
  1858 | D        | Noticed a guardian mummy
  1858 | D        | Noticed a black mamba
  1858 | D        | Noticed a hellwing
  1870 | D        | Killed a hellwing
  1871 | D        | Reached skill level 1 in Stealth
  1874 | D        | Killed a guardian mummy
  1875 | D        | Reached XP level 10. HP: 76/76 MP: 10/10
  1887 | D        | Killed a black mamba
  2060 | D        | Noticed a two-headed ogre
  2066 | D        | Killed a two-headed ogre
  2067 | D        | Reached skill level 5 in Stealth
  2067 | D        | Reached skill level 15 in Unarmed Combat
  2390 | D        | Noticed a deep troll
  2390 | D        | Noticed a gargoyle
  2457 | D        | Killed a gargoyle
  2463 | D        | Killed a deep troll
  2733 | D        | Noticed an ophan
  2741 | D        | Reached skill level 10 in Shapeshifting
  2748 | D        | Reached skill level 16 in Unarmed Combat
  2756 | D        | Killed an ophan
  2757 | D        | Reached XP level 11. HP: 70/85 MP: 11/11
  2813 | D        | Noticed a five-headed hydra
  2824 | D        | Killed a five-headed hydra
  3213 | D        | Noticed Jessica
  3216 | D        | Noticed a swamp dragon
  3223 | D        | Killed Jessica
  3223 | D        | Noticed a sun demon
  3238 | D        | Slain by a sun demon

Illustrated notes

Levels and vault maps discovered:
D:        pitsprint [storerooms_1, entrance_room_1, metal_vault_2, armoury_2,
          mini_pit_1, grid_room_1, main_hall_1, silver_pit, the_coven_2,
          the_vestibule_1, steel_vault_5, golden_pit, hallway_of_sentries,
          crystal_vault_6, iron_vault_4, final_vault]

Skill      XL: |  1  2  3  4  5  6  7  8  9 10 11 |
---------------+----------------------------------+-----
Fighting       | 3 5 6 7 8 10 11 12 | 12.0
Dodging        | 4 5 6 7 9 10 11 12 | 12.2
Unarmed Combat | 6 8 9 11 12 14 16 | 16.9
Shapeshifting  | 4 5 6 7 8 9 10 | 10.0
Stealth        | 2 8 9 |  9.4

Action                     |  1- 3 |  4- 6 |  7- 9 | 10-12 || total
---------------------------+-------+-------+-------+-------++-------
  Melee: Unarmed           |     3 |    29 |    54 |    58 ||   144
         Constrict         |     1 |    12 |    13 |     9 ||    35
         Tentacles         |     1 |     6 |    16 |    21 ||    44
         Punch             |       |     1 |     5 |     4 ||    10
  Throw: Dart              |       |       |       |     4 ||     4
 Invoke: Call Merchant     |       |       |     1 |       ||     1
    Use: Potion            |       |     1 |     7 |     2 ||    10
         Scroll            |       |       |     1 |       ||     1
   Stab: Sleeping          |     1 |       |     4 |     3 ||     8
  Dodge: Dodged            |       |    12 |    21 |    41 ||    74

Table legend: (Time is in decaauts)
 A = Elapsed time spent in this place.
 B = Non-inter-level travel time spent in this place.
 C = Inter-level travel time spent in this place.
 D = Time resting spent in this place.
 E = Time spent auto-exploring this place.
 F = Levels seen in this place.
 G = Mean time per level.
                   A        B        C        D        E       F      G
               +--------+--------+--------+--------+--------+-----+--------+
         Total |   3223 |   3132 |     91 |   2527 |      0 |   1 | 3223.0 |
       Dungeon |   3223 |   3132 |     91 |   2527 |      0 |   1 | 3223.0 |
               +--------+--------+--------+--------+--------+-----+--------+

Top non-repeatable levels by time:
       D: 3223 daAuts
